 Dungeon Crawl Stone Soup version 0.30.1-4-g462c640d31 (webtiles) character file.

Game seed: 4551599683015100872

12999 spardeous the Destroyer (level 11, 0/74 HPs)
             Began as a Demigod Conjurer on Sept 2, 2023.
             Slain by a minotaur
             ... wielding a +0 hand axe
              (3 damage)
             ... in a Gauntlet.
             The game lasted 00:20:50 (14735 turns).

spardeous the Destroyer (Demigod Conjurer)         Turns: 14735, Time: 00:20:51

Health: 0/74       AC: 18    Str: 15    XL:     11   Next: 42%
Magic:  3/29       EV:  7    Int: 33    God:
Gold:   579        SH:  4    Dex: 19    Spells: 19/30 levels left

rFire   x . .        A - +8 falchion of Abomination {heavy, Dex+4}
rCold   + . .        I - +0 buckler
rNeg    . . .        H - +8 chain mail of the Lotus Blossom {Int+5}
rPois   +            S - +0 helmet
rElec   .            (no cloak)
rCorr   .            (no gloves)
SInv    +            (no boots)
Will    ++...        (no amulet) Stlth
                     C - ring of poison resistance
HPRegen 0.32/turn    L - ring of the Gastropod {Ice Will+ Str+3 Dex+3 SInv}
MPRegen 0.21/turn

%: no teleportation
@: flying
A: high MP 1, forlorn, divine attributes
a: no special abilities


You were in a Gauntlet.
You visited 2 branches of the dungeon, and saw 12 of its levels.
You also visited: Gauntlet.

You collected 579 gold pieces.

Inventory:

Hand Weapons
 q - a +0 club
 v - a +1 vampiric hand axe
 A - the +8 falchion of Abomination (weapon) {heavy, Dex+4}
   (You took it off an orc priest on level 5 of the Dungeon)

   Dex:       It affects your dexterity (+4).
 B - a +0 broad axe
Armour
 a - a +0 robe
 i - a +0 ring mail
 s - a +3 leather armour
 H - the +8 chain mail of the Lotus Blossom (worn) {Int+5}
   (You found it on level 6 of the Dungeon)

   Int:       It affects your intelligence (+5).
 I - a +0 buckler (worn)
 P - a +0 kite shield
 S - a +0 helmet (worn)
Jewellery
 b - a ring of protection from cold
 e - an amulet of guardian spirit
 C - a ring of poison resistance (left hand)
 K - a ring of fire
 L - the ring of the Gastropod (right hand) {Ice Will+ Str+3 Dex+3 SInv}
   (You found it in a Gauntlet)

   [ring of ice]

   It enhances your ice magic.
   Str:       It affects your strength (+3).
   Dex:       It affects your dexterity (+3).
   rF:        It makes you vulnerable to fire.
   rC:        It protects you from cold.
   SInv:      It lets you see invisible.
   Will:      It increases your willpower.
Wands
 g - a wand of iceblast (2)
 l - a wand of flame (23)
 J - a wand of light (13)
 O - a wand of digging (9)
 R - a wand of polymorph (8)
Scrolls
 c - a scroll of enchant weapon
 d - 3 scrolls of butterflies {unknown}
 j - 3 scrolls of enchant armour {unknown}
 n - a scroll of immolation
 o - 2 scrolls of amnesia {unknown}
 p - a scroll of magic mapping
 y - 2 scrolls of noise {unknown}
 z - 4 scrolls of teleportation
 D - a scroll of silence
 E - 2 scrolls of poison {unknown}
 M - a scroll of brand weapon
 N - a scroll of vulnerability
 Q - a scroll of fog
Potions
 f - 3 potions of attraction
 h - a potion of ambrosia
 k - 2 potions of heal wounds {unknown}
 m - 5 potions of degeneration
 r - a potion of brilliance
 t - 3 potions of flight
 u - 2 potions of haste {unknown}
 w - 2 potions of might {unknown}
 x - 5 potions of curing
 F - 3 potions of invisibility {unknown}
 G - 3 potions of mutation {unknown}


   Skills:
 + Level 4.4 Armour
 - Level 1.7 Dodging
 - Level 1.7 Stealth
 - Level 10.0 Spellcasting
 - Level 10.1 Conjurations
 - Level 9.0 Translocations


You had 19 spell levels left.
You knew the following spells:

 Your Spells              Type           Power      Damage    Failure   Level
a - Magic Dart            Conj           100%       1d8       1%          1
b - Searing Ray           Conj           100%       2d8       1%          2
c - Iskenderun's Mystic   Conj/Tloc      68%        2d14      10%         4
x - Manifold Assault      Tloc           66%        N/A       12%         4

Your spell library contained the following spells:

 Spells                   Type           Power      Damage    Failure   Level
 Apportation              Tloc           100%       N/A       1%          1
 Dazzling Flash           Conj/Hex       100%       N/A       19%         3
 Portal Projectile        Hex/Tloc       92%        N/A       22%         3
 Necrotise                Necr           64%        1d7       43%         1
 Summon Small Mammal      Summ           64%        N/A       43%         1
 Fulminant Prism          Conj/Hex       25%        3d14      52%         4
 Frozen Ramparts          Ice            48%        1d8       82%         3
 Tukima's Dance           Hex            16%        N/A       82%         3
 Dispersal                Tloc           33%        N/A       87%         6
 Ice Form                 Ice/Tmut       24%        N/A       99%         4
 Summon Ice Beast         Ice/Summ       24%        N/A       99%         4
 Blade Hands              Tmut           8%         N/A       100%        5
 Disjunction              Tloc           33%        N/A       100%        8


Dungeon Overview and Level Annotations

Branches:
Dungeon (11/15)            Temple (0/1) D:6            Lair (1/5) D:10
Gauntlet (1/1)
    Orc: D:9-12

Annotations:
D:7 Joseph
D:9 2 transporters Gauntlet 4 transporters


Innate Abilities, Weirdness & Mutations

You have an increased reservoir of magic. (+10% MP)
You shall have no god before yourself.
Your divine heritage dramatically boosts your attributes as you level up.


Message History

The minotaur is almost dead.
The minotaur is knocked back by the mystic blast.
The minotaur slams into the metal wall!
You now have 6/29 mp.
Unknown command.
Unknown command.
Casting: Iskenderun's Mystic Blast (dangerous; 10% risk of failure)
Confirm with . or Enter, or press ? or * to list all spells.
You erupt in a blast of force!
The mystic blast hits the minotaur!
The minotaur is almost dead.
The minotaur is knocked back by the mystic blast.
The minotaur slams into the metal wall!
You now have 2/29 mp.
Unknown command.
Casting: Iskenderun's Mystic Blast (dangerous; 10% risk of failure)
Confirm with . or Enter, or press ? or * to list all spells.
You don't have enough magic to cast this spell.
Unknown command.
Unknown command.
You feel better.
The minotaur hits you with a +0 hand axe!
* * * LOW HITPOINT WARNING * * *
The minotaur gores you but does no damage.
You take 2 damage, and have 29/74 hp.
Unknown command.
Casting: Iskenderun's Mystic Blast (dangerous; 10% risk of failure)
Confirm with . or Enter, or press ? or * to list all spells.
You don't have enough magic to cast this spell.
You feel better.
The minotaur hits you with a +0 hand axe!!
* * * LOW HITPOINT WARNING * * *
The minotaur completely misses you.
You take 19 damage, and have 10/74 hp.
MASSIVE DAMAGE!!
Unknown command.
Okay, then.
You feel better.
The minotaur hits you with a +0 hand axe!
* * * LOW HITPOINT WARNING * * *
The minotaur gores you.
You die...

###### #.##.### ###.....#
#∩##.##.# .# #H##.##.## #
. #.#......# #. #.
#.#.##.###
.##.###'#@##.###
.......H......#
#.##.##.##.##.#
###.##.##.##.##.#
#...............#
##.##.##.##.##.##
###.##.##.##.##.###
#§§..............≈# #
####8§8.8..©.©..8.8.8####


You could see a minotaur (reflecting).

Vanquished Creatures
  A fire crab (Gauntlet)
  A wizard (Gauntlet)
  A cyclops (D:9)
  A worldbinder (Gauntlet)
  2 cane toads (Lair:1)
  A freezing wraith (D:11)
  A tengu conjurer (D:11)
  A polar bear (Lair:1)
  A troll (D:9)
  Grinder (D:5)
  A vampire (D:10)
  A ynoxinul (Gauntlet)
  A wraith (D:10)
  18 yaks
  A wyvern (D:9)
  2 fire bats (Gauntlet)
  2 steam dragons
  Menkaure (D:5)
  2 basilisks (Lair:1)
  3 wargs (D:10)
  A water moccasin (D:8)
  5 orc warriors
  2 black bears (Lair:1)
  2 sky beasts (D:7)
  3 ogres (D:5)
  3 boggarts (Gauntlet)
  9 centaurs
  A kobold brigand (D:8)
  4 bullfrogs
  A gnoll sergeant (D:9)
  5 scorpions
  12 wights
  6 killer bees (D:7)
  8 howler monkeys
  A jelly (D:6)
  13 orc priests
  A gnoll bouda (D:9)
  2 iron imps (Gauntlet)
  A sleepcap (D:6)
  5 iguanas
  3 orc wizards
  8 gnolls (D:9)
  10 adders
  3 shadow imps (Gauntlet)
  4 white imps
  An ufetubus (D:7)
  3 worms
  3 dart slugs
  42 orcs
  8 ball pythons
  3 endoplasms
  2 giant cockroaches
  5 goblins
  3 hobgoblins
  6 jackals
  6 quokkas
  3 bats
  3 frilled lizards
  9 kobolds
  5 rats
  A butterfly (D:6)
259 creatures vanquished.

Vanquished Creatures (others)
  An orc wizard (D:7)
1 creature vanquished.

Grand Total: 260 creatures vanquished

Notes
Turn   | Place    | Note
-------+----------+-------------------------------------------
     0 | D:1      | spardeous the Demigod Conjurer began the quest for the Orb.
     0 | D:1      | Reached XP level 1. HP: 14/14 MP: 5/5
   227 | D:1      | Reached XP level 2. HP: 18/20 MP: 1/7
   844 | D:1      | Learned a level 2 spell: Searing Ray
  1019 | D:2      | Reached XP level 3. HP: 26/26 MP: 3/8
  1705 | D:1      | Reached skill level 5 in Conjurations
  2404 | D:3      | Reached XP level 4. HP: 33/33 MP: 1/9
  3082 | D:4      | Reached XP level 5. HP: 27/38 MP: 0/10
  3970 | D:5      | Entered Level 5 of the Dungeon
  4034 | D:5      | Reached XP level 6. HP: 15/45 MP: 6/12
  4355 | D:5      | Identified the +8 falchion of Abomination {heavy, Dex+4}
  4860 | D:5      | Noticed Menkaure
  4865 | D:5      | Killed Menkaure
  4866 | D:5      | Reached XP level 7. HP: 50/50 MP: 9/17
  4874 | D:5      | Reached skill level 5 in Spellcasting
  4958 | D:5      | Noticed Grinder
  4966 | D:5      | Killed Grinder
  5140 | D:5      | Learned a level 4 spell: Iskenderun's Mystic Blast
  5145 | D:5      | Learned a level 4 spell: Manifold Assault
  5271 | D:5      | Reached skill level 1 in Translocations
  5271 | D:5      | Reached XP level 8. HP: 44/57 MP: 16/21
  5924 | D:6      | Found a staircase to the Ecumenical Temple.
  6444 | D:6      | Reached skill level 5 in Translocations
  6524 | D:6      | Identified the +8 chain mail of the Lotus Blossom {Int+5}
  7661 | D:7      | Noticed Joseph
  8059 | D:7      | Reached XP level 9. HP: 25/62 MP: 12/24
  9699 | D:9      | Found a transporter.
 10462 | D:9      | Reached skill level 10 in Spellcasting
 10839 | D:9      | Noticed a cyclops
 10856 | D:9      | Killed a cyclops
 10857 | D:9      | Reached XP level 10. HP: 48/69 MP: 0/28
 11204 | D:9      | Noticed a green ugly thing
 11206 | D:9      | Noticed a white ugly thing
 11207 | D:9      | Noticed a brown ugly thing
 11437 | D:9      | Found a transporter.
 11437 | D:9      | Noticed a cyan ugly thing
 11437 | D:9      | Found the ring of the Octopus King
 11693 | D:10     | Entered Level 10 of the Dungeon
 12080 | D:10     | Reached skill level 10 in Conjurations
 12203 | D:10     | Found a staircase to the Lair.
 13350 | D:11     | Noticed a deep elf pyromancer
 13350 | D:11     | Noticed a cyclops
 13350 | D:11     | Noticed a boulder beetle
 13350 | D:11     | Noticed a cyclops
 13350 | D:11     | Noticed a skeletal warrior
 13553 | Lair:1   | Entered Level 1 of the Lair of Beasts
 13599 | Lair:1   | Reached XP level 11. HP: 49/74 MP: 5/29
 13780 | Lair:1   | Found a gate leading to a gauntlet.
 13903 | Gauntlet | Entered a Gauntlet
 13903 | Gauntlet | Found a transporter.
 13903 | Gauntlet | Found a transporter.
 14096 | Gauntlet | Found a transporter.
 14110 | Gauntlet | Found a transporter.
 14121 | Gauntlet | Found a transporter.
 14125 | Gauntlet | Noticed a fire crab
 14133 | Gauntlet | Found a transporter.
 14146 | Gauntlet | Found a transporter.
 14148 | Gauntlet | Noticed a wizard
 14152 | Gauntlet | Found a transporter.
 14162 | Gauntlet | Noticed a great orb of eyes
 14166 | Gauntlet | Found a transporter.
 14183 | Gauntlet | Found a transporter.
 14187 | Gauntlet | Found a transporter.
 14228 | Gauntlet | Found a transporter.
 14374 | Gauntlet | Reached skill level 1 in Armour
 14374 | Gauntlet | Noticed a goliath frog
 14473 | Gauntlet | Killed a fire crab
 14600 | Gauntlet | Killed a wizard
 14605 | Gauntlet | Identified the ring of the Gastropod {Ice Will+ Str+3 Dex+3
                  | SInv}
 14721 | Gauntlet | Identified the +0 swamp dragon scales of Ugacrot {Harm
                  | rPois rC++ Will+ Int-5}
 14721 | Gauntlet | Noticed a minotaur
 14735 | Gauntlet | HP: 3/74 [minotaur/+0 hand axe (15)]
 14735 | Gauntlet | Slain by a minotaur

Illustrated notes

Levels and vault maps discovered:
D:1:      lemuel_arrival_cross, layout_basic
D:2:      layout_rooms, serial_forest, infiniplex_forest_lined_4_way,
          infiniplex_forest_corner_2, infiniplex_forest_clump_medium,
          infiniplex_forest_lined_3, infiniplex_forest_lined_room_,
          infiniplex_forest_lined_3_way, infiniplex_forest_end_2,
          infiniplex_forest_lined_2, minmay_pentomino_q2
D:3:      layout_basic, chequers_ecumenical_altar_grove
D:4:      layout_basic
D:5:      layout_basic, nicolae_overflow_quartered_altars, uniq_menkaure,
          uniq_grinder
D:6:      layout_loops_ring, minmay_temple_entry_butterflies
D:7:      layout_loops_cross, elyvilon_altar_1, fedhas_ov_isle_minmay,
          grunt_ministairs_1, st_stairs_12, uniq_joseph
D:8:      layout_loops_ring, special_room [special_room_orc],
          kennysheep_flooded_box
D:9:      gammafunk_corrupted_shrine, layout_layer_cave,
          mainiacjoe_overflow_paths
D:10:     layout_loops_corners, erik_lair_orcish_takeover
D:11:     minmay_ambush_box, layout_cave_pools
Lair:1:   layout_layer_cave, gauntlet_entry_generic, grunt_megastairs_4,
          uniq_urug
Gauntlet: gammafunk_gauntlet_shortcut [gammafunk_gauntlet_arena_split_diamond,
          nicolae_gauntlet_arena_t_cross, nicolae_gauntlet_arena_x,
          gammafunk_gauntlet_arena_arrow_garden, gammafunk_gauntlet_arena_teeth,
          gammafunk_gauntlet_arena_hedges, gauntlet_exit_green]

Skill      XL: |  1  2  3  4  5  6  7  8  9 10 11 |
---------------+----------------------------------+-----
Conjurations   | 4 5 6 8 10 | 10.1
Spellcasting   | 2 4 6 7 10 | 10.0
Translocations | 1 5 7 9 |  9.0
Armour         | 4 |  4.4
Dodging        | |  1.7
Stealth        | |  1.7

Action                     |  1- 3 |  4- 6 |  7- 9 | 10-12 || total
---------------------------+-------+-------+-------+-------++-------
  Melee: Club              |    61 |     3 |       |       ||    64
         Unarmed           |     7 |       |       |       ||     7
         Punch             |     1 |       |       |       ||     1
         Falchion          |       |       |     4 |    39 ||    43
   Cast: Magic Dart        |    97 |   100 |    23 |       ||   220
         Searing Ray       |     1 |    10 |    61 |     3 ||    75
         Iskenderun's Myst |       |       |    35 |   106 ||   141
    Use: Scroll            |       |       |       |    13 ||    13
         Potion            |       |       |       |     9 ||     9
   Stab: Distracted        |       |       |       |     1 ||     1
 Armour: Robe              |     3 |       |       |       ||     3
         Ring mail         |    16 |       |       |       ||    16
         Leather armour    |       |     9 |    29 |    46 ||    84
         Chain mail        |       |       |       |     2 ||     2
  Dodge: Dodged            |    33 |    23 |    68 |    76 ||   200
  Block: Buckler           |       |       |    15 |    30 ||    45
